 Dungeon Crawl Stone Soup version 0.30.0-10-gfe55d96785 (webtiles) character file.

Game seed: 4248205362874279350

60 qw the Chopper (level 4, -5/28 HPs)
             Began as a Gargoyle Cinder Acolyte on May 17, 2023.
             Was a High Priest of Ignis.
             Slain by Grinder (6 damage)
             ... on level 3 of the Dungeon.
             The game lasted 00:00:46 (1501 turns).

qw the Chopper (Gargoyle Cinder Acolyte)            Turns: 1501, Time: 00:00:46

Health: -5/28      AC: 18    Str: 20    XL:     4   Next: 4%
Magic:  5/5        EV:  7    Int: 14    God:    Ignis [*****.]
Gold:   15         SH:  0    Dex:  5    Spells: 5/5 levels left

rFire   + . .        Y - -1 hand axe (flame)
rCold   . . .        (no shield)
rNeg    + . .        c - +0 chain mail
rPois   inf          (no helmet)
rElec   +            (no cloak)
rCorr   .            (no gloves)
SInv    .            (no boots)
Will    .....        (no amulet) Stlth
                     (no ring)
HPRegen 0.24/turn    (no ring)
MPRegen 0.09/turn

%: no passive effects
@: brilliant, fiery-armoured
A: sickness immunity, AC +3, negative energy resistance 1, electricity
resistance, torment resistance 1, petrification resistance
a: Renounce Religion, Fiery Armour, Foxfire Swarm, Rising Flame


You were on level 3 of the Dungeon.
You worshipped Ignis.
Ignis was extremely pleased with you.
You visited 1 branch of the dungeon, and saw 3 of its levels.

You collected 15 gold pieces.


Innate Abilities, Weirdness & Mutations

You are immune to sickness and miasma.
Your stone body is resilient. (AC +3)
You are immune to poison.
You resist negative energy. (rN+)
You are resistant to electric shocks. (rElec)
You are resistant to unholy torment.
You are immune to petrification.


   Skills:
 - Level 3.2 Fighting
 - Level 4.0 Axes
 - Level 1.0 Throwing
 + Level 1.0 Armour
 - Level 1.0 Spellcasting
 - Level 3.0 Fire Magic


You had 5 spell levels left.
You didn't know any spells.
Your spell library contained the following spells:

 Spells                   Type           Power      Damage    Failure   Level
 Scorch                   Fire           26%        2d6       69%         2

Inventory:

Hand Weapons
 Y - a -1 hand axe of flaming (weapon)
Missiles
 d - 3 silver javelins (quivered)
Armour
 c - a +0 chain mail (worn)
Jewellery
 k - a ring of ice
Potions
 e - a potion of heal wounds {unknown}
 f - a potion of might {unknown}
 g - a potion of curing

Dungeon Overview and Level Annotations

Branches:
Dungeon (3/15)

Altars:

Annotations:
D:3 Grinder


Message History

Grinder is lightly wounded.
Grinder hits you.
You barely miss Grinder.
Grinder is lightly wounded.
Grinder hits you but does no damage.
You closely miss Grinder.
Grinder is lightly wounded.
Grinder gestures at you. Pain shoots through your body!
You hit Grinder. You burn Grinder.
Grinder is moderately wounded.
Grinder hits you.
You writhe in agony.
You hit Grinder. You burn Grinder.
Grinder is moderately wounded.
Grinder closely misses you.
You hit Grinder but do no damage.
Grinder is moderately wounded.
Grinder barely misses you. Grinder hits you.
You writhe in agony.
1497 ||| INVOKING Fiery Armour.
A protective cloak of flame settles atop you.
Grinder hits you.
You writhe in agony.
Grinder is burned by your cloak of flames.
Grinder is heavily wounded.
You hit Grinder. You burn Grinder.
Grinder is heavily wounded.
Grinder hits you.
You writhe in agony.
Grinder is burned by your cloak of flames.
Grinder is severely wounded.
You closely miss Grinder.
Grinder is severely wounded.
Grinder hits you.
Grinder is burned by your cloak of flames.
Grinder is severely wounded.
You barely miss Grinder.
Grinder is severely wounded.
Grinder barely misses you.
You closely miss Grinder.
Grinder is severely wounded.
Grinder hits you.
You die...

.. .# # #.#.#.
..###.#.#.#.#.#
....#.#.#.#.#.#.
###.#.......^....
#................
#..<..# .....
#...###...... #
#..5.?.....?.
###[##.@####.....
#................
#.#......###### #
#..###.....# #..
####.# .... #.#.
..[#. .#


You could see Grinder.

Vanquished Creatures
  An adder (D:2)
  A worm (D:2)
  2 dart slugs
  7 ball pythons
  4 bats
  2 endoplasms (D:2)
  A giant cockroach (D:1)
  7 goblins
  4 hobgoblins (D:2)
  3 jackals (D:1)
  A quokka (D:1)
  3 frilled lizards
  5 kobolds
41 creatures vanquished.

Notes
Turn   | Place    | Note
-------+----------+-------------------------------------------
     0 | D:1      | qw the Gargoyle Cinder Acolyte began the quest for the Orb.
     0 | D:1      | Reached XP level 1. HP: 14/14 MP: 2/2
     0 | D:1      | 0 ||| qw: Version: 0.2-a-95-g4c1bab1
     0 | D:1      | 0 ||| qw: Game counter: 128
     0 | D:1      | 0 ||| qw: Always use a shield: true
     0 | D:1      | 0 ||| qw: God list: Okawaru
     0 | D:1      | 0 ||| qw: Allow faded altars: false
     0 | D:1      | 0 ||| qw: Do Orc after D:15 true
     0 | D:1      | 0 ||| qw: Do second Lair branch before Depths: true
     0 | D:1      | 0 ||| qw: Lair rune preference: random
     0 | D:1      | 0 ||| qw: Plans: Normal
     0 | D:1      | 0 ||| PLANNING D:1-11
    36 | D:1      | Reached skill level 3 in Axes
    97 | D:1      | Reached XP level 2. HP: 19/19 MP: 3/3
   209 | D:1      | 209 ||| INVOKING Fiery Armour.
   519 | D:1      | Reached skill level 1 in Throwing
   672 | D:1      | 672 ||| UPGRADING to +0 chain mail.
   682 | D:1      | 682 ||| DROPPING +0 robe.
   683 | D:1      | 683 ||| READING scroll labelled QETOSTUODA.
   696 | D:1      | 696 ||| DRINKING 2 grey potions.
   718 | D:2      | Reached XP level 3. HP: 23/23 MP: 4/4
   756 | D:2      | Reached skill level 1 in Armour
  1136 | D:2      | 1136 ||| Stepping ~*~*~tactically~*~*~ (stealth).
  1168 | D:2      | 1168 ||| Stepping ~*~*~tactically~*~*~ (stealth).
  1170 | D:2      | 1170 ||| Stepping ~*~*~tactically~*~*~ (hiding).
  1180 | D:2      | Reached XP level 4. HP: 28/28 MP: 5/5
  1267 | D:2      | Reached skill level 4 in Axes
  1446 | D:2      | 1446 ||| DROPPING +6 ring of intelligence.
  1447 | D:2      | 1447 ||| READING scroll labelled CUNEIL UCHUN.
  1448 | D:2      | 1448 ||| READING scroll labelled JUAFAI UFEUH.
  1449 | D:2      | 1449 ||| READING scroll labelled SEYDGH IPRUDAOFF.
  1450 | D:2      | 1450 ||| READING scroll labelled YMEREJ WUCOQU.
  1453 | D:2      | 1453 ||| DRINKING 2 fizzy orange potions.
  1454 | D:2      | 1454 ||| DROPPING potion of brilliance.
  1478 | D:3      | Noticed Grinder
  1479 | D:3      | 1479 ||| Stepping ~*~*~tactically~*~*~ (hiding).
  1480 | D:3      | 1480 ||| Stepping ~*~*~tactically~*~*~ (hiding).
  1481 | D:3      | 1481 ||| Stepping ~*~*~tactically~*~*~ (hiding).
  1482 | D:3      | 1482 ||| Stepping ~*~*~tactically~*~*~ (hiding).
  1483 | D:3      | 1483 ||| Stepping ~*~*~tactically~*~*~ (hiding).
  1484 | D:3      | 1484 ||| Stepping ~*~*~tactically~*~*~ (hiding).
  1497 | D:3      | 1497 ||| INVOKING Fiery Armour.
  1497 | D:3      | HP: 6/28 [Grinder (3)]
  1499 | D:3      | HP: 1/28 [Grinder (3)]
  1501 | D:3      | Slain by Grinder

Levels and vault maps discovered:
D:1:      minmay_arrival_four_loops, layout_basic
D:2:      layout_loops_cross
D:3:      layout_basic, mainiacjoe_overflow_tiny_flanked,
          mainiacjoe_overflow_concentric_impassable,
          nicolae_hepliaklqana_hippocampus, shapermc_ecumenical_altar_venn,
          serial_shops, nicolae_shop_stone, gammafunk_ghost_grave, minivault_23,
          hangedman_decor_clover_reticule, uniq_grinder

Skill      XL: |  1  2  3  4 |
---------------+-------------+-----
Axes           | 3 4 |  4.0
Throwing       | 1 |  1.0
Armour         | 1 |  1.0
Fighting       | |  3.2
Spellcasting   | |  1.0
Fire Magic     | |  3.0

Action                     |  1- 3 |  4- 6 || total
---------------------------+-------+-------++-------
  Melee: Hand axe          |    98 |    19 ||   117
         Punch             |     2 |       ||     2
  Throw: Javelin           |    33 |     1 ||    34
 Invoke: Fiery Armour      |     1 |     1 ||     2
    Use: Scroll            |     1 |     4 ||     5
         Potion            |     1 |     1 ||     2
 Armour: Robe              |    26 |       ||    26
         Chain mail        |    37 |     3 ||    40
  Dodge: Dodged            |    48 |     6 ||    54

Table legend:
 A = Non-vault XP
 B = Vault XP
 C = Vault XP percentage of total XP
 D = Non-vault monster count
 E = Vault monster count
 F = Vault count percentage of total count
                 A         B        C        D         E       F
            +---------+---------+-------+---------+---------+-------
      Total |      86 |       0 |   0.0 |      41 |       0 |   0.0
            +---------+---------+-------+---------+---------+-------
        D:1 |      32 |       0 |   0.0 |      19 |       0 |   0.0
        D:2 |      54 |       0 |   0.0 |      22 |       0 |   0.0
            +---------+---------+-------+---------+---------+-------
